 Dungeon Crawl Stone Soup version 0.28.0-45-g0d030f2227 (webtiles) character file.

Game seed: 7009798575993292807

12 theElss the Skirmisher (level 2, 0/19 HPs)
             Began as a Gargoyle Berserker on Apr 10, 2022.
             Was a Follower of Trog.
             Slain by a hobgoblin (2 damage)
             ... on level 1 of the Dungeon.
             The game lasted 00:00:36 (538 turns).

theElss the Skirmisher (Gargoyle Berserker)          Turns: 538, Time: 00:00:36

Health: 0/19       AC:  5    Str: 20    XL:     2   Next: 33%
Magic:  2/2        EV: 12    Int:  7    God:    Trog [*.....]
Gold:   21         SH:  0    Dex:  9    Spells: 1/1 levels left

rFire   . . .      SeeInvis .   a - +0 mace
rCold   . . .      Faith    .   (no shield)
rNeg    + . .      Spirit   .   b - +0 animal skin
rPois   ∞          Reflect  .   (no helmet)
rElec   +          Harm     .   (no cloak)
rCorr   .          Rampage  .   (no gloves)
Will    .....                   (no boots)
Stlth   +.........              (no amulet)
HPRegen 0.06/turn               (no ring)
MPRegen 0.08/turn               (no ring)

@: no status effects
A: sickness immunity, AC +2, negative energy resistance 1, electricity
resistance, torment resistance 1, petrification resistance
a: Renounce Religion, Berserk


You were on level 1 of the Dungeon.
You worshipped Trog.
Trog was aware of your devotion.
You visited 1 branch of the dungeon, and saw 1 of its levels.

You collected 21 gold pieces.

Inventory:

Hand Weapons
 a - a +0 mace (weapon)
Armour
 b - a +0 animal skin (worn)
Scrolls
 d - a scroll of silence {unknown}
 e - a scroll of amnesia {unknown}
Potions
 c - a potion of heal wounds {unknown}


   Skills:
 + Level 3.5 Fighting
 + Level 3.1 Maces & Flails
 + Level 2.4 Armour
 + Level 1.8 Dodging


You had one spell level left.
You didn't know any spells.
Your spell library was empty.

Dungeon Overview and Level Annotations

Branches:
Dungeon (1/15)

Altars:


Innate Abilities, Weirdness & Mutations

You are immune to sickness and miasma.
Your stone body is resilient. (AC +2)
You are immune to poison.
You resist negative energy. (rN+)
You are resistant to electric shocks. (rElec)
You are resistant to unholy torment.
You are immune to petrification.


Message History

You now have 21 gold pieces (gained 10).
Found a stone staircase leading down.
A dart slug comes into view.
The dart slug closely misses you.
You sock the dart slug!
The dart slug is almost dead.
The dart slug completely misses you.
You sock the dart slug!
You kill the dart slug!
Trog accepts your kill.
You see here a dart slug corpse.
Found 4 poisoned darts.
An endoplasm and a hobgoblin come into view.
The endoplasm quivers.
The hobgoblin shouts!
A hobgoblin comes into view.
Found 5 gold pieces.
You barely miss the endoplasm. The endoplasm freezes you.
You are frozen.
You barely miss the endoplasm. The endoplasm closely misses you.
The endoplasm freezes you.
You are frozen.
You hit the endoplasm.
The endoplasm is almost dead.
The endoplasm freezes you.
You are frozen.
* * * LOW HITPOINT WARNING * * *
You fail to use your ability.
The endoplasm freezes you.
You are frozen.
* * * LOW HITPOINT WARNING * * *
You hit the endoplasm.
You kill the endoplasm!
Trog accepts your kill.
You barely miss the hobgoblin. The hobgoblin closely misses you.
You hit the hobgoblin.
The hobgoblin is severely wounded.
The hobgoblin closely misses you. The hobgoblin hits you.
You die...

#.....##.## ##.#.. #.#
#.###.#...## ..(...
#.#####.###..###.##
##.... #.....>.....##
##.###
#.....##...........#
#...#
$.........####.###.##
##.#.# ..........# #†#
#..###.##.#
..........####.#
#.#...###.#
..........gg@..###.#...#
#.#
.......#..###..........#
#.#
#.....#.........##.#...#
#.#
#....###..#####.##.##.##
#.# #.### ##.# .##.##.#
#.# # #.. ........# #.#
#... ......### ##.#
#.###.# .# #.#


You could see 2 hobgoblins.

Vanquished Creatures
  A dart slug (D:1)
  An endoplasm (D:1)
  A giant cockroach (D:1)
  A goblin (D:1)
  A hobgoblin (D:1)
  4 kobolds (D:1)
9 creatures vanquished.

Notes
Turn   | Place    | Note
-------+----------+-------------------------------------------
     0 | D:1      | theElss the Gargoyle Berserker began the quest for the Orb.
     0 | D:1      | Reached XP level 1. HP: 14/14 MP: 1/1
   389 | D:1      | Reached XP level 2. HP: 14/19 MP: 2/2
   538 | D:1      | Slain by a hobgoblin

Illustrated notes

Levels and vault maps discovered:
D:1:      tarquinn_simple_flora_water_e, layout_loops_ring,
          shapermc_ecumenical_altar_petra

Action                   || total
-------------------------++-------
Melee: Mace              ||    30
Armor: Animal skin       ||     2
Dodge: Dodged            ||    21
